 Dungeon Crawl Stone Soup version 0.20-a0-795-ga03948b (webtiles) character file.

63 4thArraOfDagon the Magician (level 3, -3/28 HPs)
             Began as a Mummy Warper on Mar 1, 2017.
             Slain by a river rat (7 damage)
             ... on level 4 of the Dungeon.
             The game lasted 00:06:37 (1704 turns).

4thArraOfDagon the Magician (Mummy Warper)          Turns: 1704, Time: 00:06:38

Health: -3/28      AC: 10    Str: 14    XL:     3   Next: 89%
Magic:  7/7        EV:  4    Int: 12    God:
Gold:   94         SH:  4    Dex: 10    Spells: 3/7 levels left

rFire    x . .     SeeInvis .   a - +1 falchion
rCold    + . .     Gourm    .   m - +0 plate armour (curse)
rNeg     + + +     Faith    .   (no shield)
rPois    ∞         Spirit   .   (no helmet)
rElec    .         Reflect  +   (no cloak)
rCorr    .         Harm     .   (no gloves)
MR       .....                  (no boots)
Stlth    ..........             q - +4 amulet of reflection
Regen    0.1/turn               h - -2 ring of dexterity
MPRegen  0.1/turn               f - ring of wizardry

@: no status effects
A: no food or potions, fire vulnerability, cold resistance 1, negative energy
resistance 3, torment resistance, unbreathing
a: no special abilities


You were on level 4 of the Dungeon.
You were not hungry.

You visited 1 branch of the dungeon, and saw 5 of its levels.

You collected 94 gold pieces.

Inventory:

Hand Weapons
 a - a +1 falchion (weapon)
 k - a +0 long sword
 r - a +1 rapier of holy wrath
Missiles
 e - a tomahawk of dispersal (quivered)
 p - a throwing net
 t - 8 javelins
Armour
 b - a +0 leather armour
 m - a cursed +0 plate armour (worn)
Jewellery
 f - a ring of wizardry (left hand)
 h - a -2 ring of dexterity (right hand)
 q - a +4 amulet of reflection (around neck)
Wands
 s - a wand of flame (29/48)
Scrolls
 d - 3 scrolls of blinking
 g - a scroll of remove curse
 i - a scroll of identify
 j - 2 scrolls of recharging
Books
 c - a book of Spatial Translocations

   Spells                             Type                      Level
   a - Blink                          Translocation                2
   b - Shroud of Golubria             Charms/Translocation         2
   c - Lesser Beckoning               Translocation                3
   d - Gell's Gravitas                Translocation                3
   e - Teleport Other                 Translocation                3
   f - Passage of Golubria            Translocation                4


   Skills:
 + Level 2.6 Fighting
 * Level 2.3 Long Blades
 - Level 0.7 Throwing
 + Level 1.7 Armour
 - Level 2.0 Dodging
 - Level 2.6 Spellcasting
 - Level 2.4 Translocations


You had 3 spell levels left.
You knew the following spells:

 Your Spells              Type           Power        Failure   Level  Hunger
a - Blink                 Tloc           N/A          100%        2    N/A
b - Shroud of Golubria    Chrm/Tloc      #.........   100%        2    N/A

Dungeon Overview and Level Annotations

Branches:
Dungeon (5/15)
 Temple: D:4-7

Altars:
Uskayaw


Innate Abilities, Weirdness & Mutations

You do not eat or drink.
Your flesh is vulnerable to fire.
You are immune to poison.
Your flesh is cold resistant. (rC+)
You are immune to negative energy. (rN+++)
You are immune to unholy pain and torment.
You can survive without breathing.


Message History

You block the river rat's attack.
Unknown command.
Throwing (i - inventory. (,) - cycle):
e - 3 tomahawks of dispersal (quivered)
Press: ? - help, Shift-Dir - straight line, f - river rat
Aim: a river rat (almost dead)
You throw a tomahawk of dispersal.
The tomahawk of dispersal barely misses the river rat.
The tomahawk of dispersal barely misses the giant cockroach.
The river rat bites you but does no damage.
Unknown command.
Throwing (i - inventory. (,) - cycle):
e - 2 tomahawks of dispersal (quivered)
Press: ? - help, Shift-Dir - straight line, f/p - river rat
Aim: a river rat (almost dead)
You throw a tomahawk of dispersal.
The tomahawk of dispersal closely misses the river rat.
The tomahawk of dispersal hits the giant cockroach.
The giant cockroach blinks!
The giant cockroach is moderately wounded.
The river rat bites you!
You die...

###>....................
#...5......#######.##.#.
#.###.####..## #.##.#.
#. ###≈≈##'.## #.##.#. #
+≈≈≈≈≈≈#.)# #.##.#.
+≈≈≈≈r≈#..####.##.#.
###≈≈##'.......#....
..###.####r........####.
.......@r§..............
.##..######...s....####.
... .............. #
#........####.
########## #. #. ##


You could see a river rat, a giant cockroach and a rat.

Vanquished Creatures
  A hound skeleton (D:4)
  A worm (D:3)
  6 orcs
  6 bats
  2 giant cockroaches (D:2)
  4 goblins
  6 hobgoblins
  2 jackals (D:1)
  A kobold (D:2)
  2 quokkas (D:2)
  A ball python (D:2)
  2 frilled lizards
  5 rats
39 creatures vanquished.

Notes
Turn   | Place    | Note
-------+----------+-------------------------------------------
     0 | D:1      | 4thArraOfDagon the Mummy Warper began the quest for the Orb.
     0 | D:1      | Reached XP level 1. HP: 16/16 MP: 4/4
    26 | D:2      | Found a hide-covered altar of Uskayaw.
   112 | D:2      | Reached skill level 1 in Armour
   136 | D:2      | Reached XP level 2. HP: 20/22 MP: 5/5
   624 | D:2      | Reached XP level 3. HP: 12/28 MP: 7/7
   660 | D:2      | Learned a level 2 spell: Blink
   663 | D:2      | Learned a level 2 spell: Shroud of Golubria
  1054 | D:5      | Entered Level 5 of the Dungeon
  1363 | D:5      | Noticed a centaur
  1704 | D:4      | Slain by a river rat

Vault maps used:
D:1:      lemuel_arrival_river_ford
D:2:      eat_drink_and_be_merry_uskayaw
D:3:      kennysheep_slug_shrine, first_bread
D:4:      minmay_overflow_temple_star_quad, minmay_temple_entry_statues_pillars,
          gup_sewer_entry_bowl
D:5:      lemuel_round_altar

Skill      XL: |  1  2  3 |
---------------+----------+-----
Armour         | 1 |  1.7
Long Blades    | 2 |  2.3
Dodging        | 2 |  2.0
Fighting       | |  2.6
Throwing       | |  0.7
Spellcasting   | |  2.6
Translocations | |  2.4

Action                   || total
-------------------------++-------
Melee: Falchion          ||   167
Throw: Tomahawk          ||     4
 Cast: Blink             ||     1
  Use: Scroll            ||    10
Armor: Leather armour    ||    21
       Plate armour      ||    34
Dodge: Dodged            ||    79
Block: Other             ||    21
       Rpst.: Falchion   ||    26
